 Dungeon Crawl Stone Soup version 0.27.0-1-g7a08968 (webtiles) character file.

Game seed: 8118664576682653835

2 cheaper the Poker (level 1, 4/14 HPs)
             Began as a Tengu Berserker on Aug 6, 2021.
             Was a Follower of Trog.
             Quit the game on level 1 of the Dungeon.
             The game lasted 00:00:24 (80 turns).

cheaper the Poker (Tengu Berserker)                   Turns: 80, Time: 00:00:25

Health: 4/14       AC:  2    Str: 17    XL:     1   Next: 30%
Magic:  2/2        EV: 12    Int:  7    God:    Trog [*.....]
Gold:   0          SH:  0    Dex: 13    Spells: 0/0 levels left

rFire    . . .     SeeInvis .   a - +0 spear
rCold    . . .     Faith    .   (no shield)
rNeg     . . .     Spirit   .   b - +0 animal skin
rPois    .         Reflect  .   (helmet restricted)
rElec    .         Harm     .   (no cloak)
rCorr    .         Rampage  .   (no gloves)
Will     .....                  (boots unavailable)
Stlth    +.........             (no amulet)
HPRegen  0.04/turn              (no ring)
MPRegen  0.08/turn              (no ring)

@: no status effects
A: beak, talons 3
a: Renounce Religion, Berserk


You were on level 1 of the Dungeon.
You worshipped Trog.
Trog was aware of your devotion.
You visited 1 branch of the dungeon, and saw 1 of its levels.

Inventory:

Hand Weapons
 a - a +0 spear (weapon)
Armour
 b - a +0 animal skin (worn)
Scrolls
 c - a scroll of identify {unknown}
Potions
 d - 2 potions of might {unknown}


   Skills:
 + Level 3.0 Fighting
 + Level 3.3 Polearms
 + Level 2.2 Armour
 + Level 2.2 Dodging


You couldn't memorise any spells.
You didn't know any spells.
Your spell library was empty.

Dungeon Overview and Level Annotations

Branches:
Dungeon (1/15)

Altars:
Beogh


Innate Abilities, Weirdness & Mutations

You have a beak for a mouth.
You have claws for feet.


Message History

You see here a rat corpse.
You open the large door.
A goblin and a hobgoblin come into view.
The orc shouts! x2; The orc warrior shouts!
You hear a shout!
Found 23 gold pieces and a scroll labelled LUME QOEPN.
Found a roughly hewn altar of Beogh.
There are monsters nearby!
There are monsters nearby!
You reach to attack!
The helpless goblin fails to defend itself.
You hit the goblin.
The goblin is moderately wounded.
You hit the goblin. Your kick misses the goblin. Your peck misses the goblin.
The goblin is severely wounded.
The hobgoblin shouts!
The goblin hits you with a +0 dagger.
You closely miss the goblin.
The goblin is heavily wounded.
The goblin closely misses you. The hobgoblin hits you.
You hit the goblin.
You kill the goblin!
Trog accepts your kill. The hobgoblin hits you.
The orc shouts!
You hit the hobgoblin but do no damage.
You claw the hobgoblin, but do no damage.
Your peck misses the hobgoblin. The hobgoblin hits you.
You completely miss the hobgoblin. Your peck misses the hobgoblin.
The hobgoblin hits you.
You are too injured to fight recklessly!
You are too injured to fight recklessly!
You are too injured to fight recklessly!
You are too injured to fight recklessly!
You are too injured to fight recklessly!
You are too injured to fight recklessly!
Nothing quivered!
The hobgoblin hits you.
* * * LOW HITPOINT WARNING * * *
Unknown command.
Are you sure you want to abandon this character and quit the game? (Confirm with "yes".)

.⌠...#.#.##..#..#..#.#..#..##
.............##..#..##.####.. #
#....##..#......#..#.#...##. ..
#....#...##..#.#.#..###.#.#
.?.#####.....#......#..#.#.###..#
._.#$#.8......##......##.##..###<
#.'.........†..##..#.## #...#.
#.)......##.##..#...# ###..
o8o#$#.8.......g@#...#..# ###


roo# ###...#...#.#....##. .o ##..##...###....#.. #####..#...#....#....##
...........##.....##.. ################### # You could see a hobgoblin.

Vanquished Creatures
  A goblin (D:1)
  A rat (D:1)
2 creatures vanquished.

Notes
Turn   | Place    | Note
-------+----------+-------------------------------------------
     0 | D:1      | cheaper the Tengu Berserker began the quest for the Orb.
     0 | D:1      | Reached XP level 1. HP: 14/14 MP: 2/2
    62 | D:1      | Noticed an orc warrior
    66 | D:1      | Noticed an orc wizard
    80 | D:1      | Quit the game

Illustrated notes

Levels and vault maps discovered:
D:1:      erik_arrival_cave_to_civilisation [erik_arrival_cave_to_temple],
          layout_rooms, chequers_ecumenical_altar_simple, minivault_23

Action                   || total
-------------------------++-------
Melee: Spear             ||     8
       Kick              ||     2
 Stab: Sleeping          ||     1
Dodge: Dodged            ||     1
